 Dungeon Crawl Stone Soup version 0.31-a0-1098-g6898e6545c (webtiles) character file.

Game seed: 6059366790115038532

82 kae the Sneak (level 4, -8/32 HPs)
             Began as a Demonspawn Enchanter on Nov 30, 2023.
             Killed by divine providence
             ... invoked by an orc priest
              (13 damage)
             ... on level 3 of the Dungeon.
             The game lasted 00:01:39 (1939 turns).

kae the Sneak (Demonspawn Enchanter)                Turns: 1939, Time: 00:01:39

Health: -8/32      AC:  3    Str:  5 (8)  XL:     4   Next: 21%
Magic:  0/7        EV: 12    Int: 14 (15) God:
Gold:   87         SH:  4    Dex: 15 (16) Spells: 5/7 levels left

rFire   . . .        a - +1 dagger
rCold   . . .        (no shield)
rNeg    . . .        b - +0 robe
rPois   .            (no helmet)
rElec   .            (no cloak)
rCorr   +            f - +0 pair of gloves
SInv    .            (no boots)
Will    +....        (no amulet)
Stlth   ++           R - ring of resist corrosion
HPRegen 0.25/turn    (no ring)
MPRegen 0.10/turn

%: no passive effects
@: mighty, enlightened, flying
A: condensation shield, demonic magic 1
a: no special abilities


You were on level 3 of the Dungeon.
You visited 1 branch of the dungeon, and saw 3 of its levels.

You collected 87 gold pieces.


Innate Abilities, Weirdness & Mutations

A meltable shield of frost defends you. (SH +4)
Spells you cast may paralyse adjacent enemies.


   Skills:
 + Level 1.3 Fighting
 * Level 1.7 Short Blades
 + Level 0.3 Armour
 - Level 1.7 Dodging
 * Level 3.3 Stealth
 + Level 2.3 Spellcasting
 + Level 3.3 Hexes
 * Level 0.8 Ice Magic


You had 5 spell levels left.
You knew the following spells:

 Your Spells              Type           Power      Damage    Failure   Level
a - Ensorcelled Hibernat  Hex/Ice        14%        N/A       16%         2

Your spell library contained the following spells:

 Spells                   Type           Power      Damage    Failure   Level
 Confusing Touch          Hex            10%        N/A       19%         3
 Tukima's Dance           Hex            10%        N/A       19%         3
 Blink                    Tloc           2%         N/A       34%         2
 Lesser Beckoning         Tloc           2%         N/A       34%         2
 Momentum Strike          Conj/Tloc      2%         3d8       34%         2
 Dazzling Flash           Conj/Hex       12%        N/A       34%         3

Inventory:

Hand Weapons
 a - a +1 dagger (weapon)
Missiles
 i - 13 stones
 l - 4 atropa-tipped darts
 m - 6 javelins
 s - a boomerang
Armour
 b - a +0 robe (worn)
 f - a +0 pair of gloves (worn)
   (You found it on level 1 of the Dungeon)
 o - the +1 ring mail of Noon {Slay+3}
   (You found it on level 2 of the Dungeon)

   Slay+3:    It affects your accuracy & damage with ranged weapons and melee
   (+3).
Jewellery
 R - a ring of resist corrosion (left hand)
   (You found it on level 3 of the Dungeon)
Scrolls
 d - 2 scrolls of identify {unknown}
 g - a scroll of teleportation {unknown}
 j - a scroll of brand weapon {unknown}
 k - a scroll of blinking {unknown}
 p - a scroll of revelation {unknown}
 q - a scroll of enchant armour {unknown}
Potions
 c - 4 potions of invisibility
 e - 2 potions of resistance

Dungeon Overview and Level Annotations

Branches:
Dungeon (3/15) Zot: 16056

Altars:
Ashenzari

#..#.♣.≈≈...≈≈ ♣.....
#....♣.≈.≈≈≈.≈ ♣#.##.
#.#.#♣.≈.....≈ ♣..##.
#....♣..≈≈≈≈≈. ♣.†...
###...♣♣♣♣♣♣♣♣♣.#.##.
#..## #..#.##. #.(#
#....... #..#
####.### #)@# ###
#.o...# #######


You could see an orc priest.


Message History

Confirm with . or Enter, or press ? or * to list all spells.
Aiming: Ensorcelled Hibernation (safe; 14% risk of failure)
Press: ? - help, Shift-Dir - straight line, f - orc
Aim: an orc, wielding a +0 short sword (severely wounded, chance to affect: 58%)
The orc resists with significant effort.
Malevolent energies surge around you.
The orc suddenly stops moving!
The orc misses you. 😕 MP[-2]
You lost 2 mp, and now have 5/7 mp.
The helpless orc fails to defend itself.
You puncture the orc!
You kill the orc!
The orc hits you but does no damage.
An orc priest comes into view. It is wielding a +0 whip.
Casting: Ensorcelled Hibernation (safe; 14% risk of failure)
Confirm with . or Enter, or press ? or * to list all spells.
Aiming: Ensorcelled Hibernation (safe; 14% risk of failure)
Press: ? - help, Shift-Dir - straight line, f/p - orc
Aim: an orc, wielding a +0 short sword (severely wounded, chance to affect: 58%)
The orc resists with significant effort.
Malevolent energies surge around you.
The orc suddenly stops moving!
The orc priest shouts! 😕 MP[-2]
You lost 2 mp, and now have 3/7 mp.
The helpless orc fails to defend itself.
You puncture the orc!
You kill the orc! 😎 HP[+1]
Your hp is fully restored (32).
The orc priest hits you with a +0 whip.
You see here a +0 short sword. 😕 HP[-5]
You take 5 damage, and now have 27/32 hp.
Casting: Ensorcelled Hibernation (safe; 14% risk of failure)
Confirm with . or Enter, or press ? or * to list all spells.
Aiming: Ensorcelled Hibernation (safe; 14% risk of failure)
Press: ? - help, Shift-Dir - straight line, f - orc priest
Aim: an orc priest, wielding a +0 whip and wearing a +0 leather armour (chance to affect: 40%)
The orc priest resists with some effort.
Malevolent energies surge around you.
The orc priest closely misses you. 😕 MP[-2]
You lost 2 mp, and now have 1/7 mp.
Casting: Ensorcelled Hibernation (safe; 14% risk of failure)
Confirm with . or Enter, or press ? or * to list all spells.
You don't have enough magic to cast this spell.
You hit the orc priest.
The orc priest hits you with a +0 whip. 😮 HP[-3]
You take 3 damage, and now have 24/32 hp.
You barely miss the orc priest. The orc priest barely misses you.
You barely miss the orc priest.
The orc priest barely misses you. 😕 HP[+1]
You closely miss the orc priest.
The orc priest invokes the aid of Beogh against you.
Beogh smites you!
* * * LOW HITPOINT WARNING * * *
😨 HP[-12]
You take 12 damage, and now have 13/32 hp.
MASSIVE DAMAGE!! (PAUSE)
You hit the orc priest.
The orc priest closely misses you. 😨 MP[+1]
Casting: Ensorcelled Hibernation (safe; 14% risk of failure)
Confirm with . or Enter, or press ? or * to list all spells.
Aiming: Ensorcelled Hibernation (safe; 14% risk of failure)
Press: ? - help, Shift-Dir - straight line, f/p - orc priest
Aim: an orc priest, wielding a +0 whip and wearing a +0 leather armour (moderately wounded, chance to affect: 40%)
The orc priest resists with some effort.
Malevolent energies surge around you. The orc priest hits you with a +0 whip.
* * * LOW HITPOINT WARNING * * *
😨 HP[-2] MP[-2]
You take 2 damage, and now have 11/32 hp.
You lost 2 mp, and now have 0/7 mp.
Unknown command.
It was a potion of degeneration.
There was something very wrong with that liquid.
You feel weakened.
You feel dopey.
You feel clumsy. The orc priest hits you with a +0 whip.
* * * LOW HITPOINT WARNING * * *
😱 HP[-4]
You take 4 damage, and now have 7/32 hp.
It was a potion of enlightenment.
You feel very buoyant.
You fly up into the air.
The orc priest miscasts a cantrip.
It was a potion of might.
You feel very mighty all of a sudden. The orc priest hits you with a +0 whip.
* * * LOW HITPOINT WARNING * * *
😱 HP[-1]
You take 1 damage, and now have 6/32 hp.
You hit the orc priest.
The orc priest begins to cast a cantrip, but forgets the words!
You hit the orc priest but do no damage.
The orc priest hits you with a +0 whip.
* * * LOW HITPOINT WARNING * * *
😱 HP[-1]
You take 1 damage, and now have 5/32 hp.
You barely miss the orc priest.
The orc priest mumbles some strange prayers to Beogh against you.
Beogh smites you!
You die...

Skill      XL: |  1  2  3 |
---------------+----------+-----
Short Blades   | 1 |  1.7
Stealth        | 3 |  3.3
Fighting       | 1 |  1.3
Armour         | |  0.3
Dodging        | |  1.7
Spellcasting   | |  2.3
Hexes          | |  3.3
Ice Magic      | |  0.8

Action                     |  1- 3 |  4- 6 || total
---------------------------+-------+-------++-------
  Melee: Dagger            |   111 |    29 ||   140
   Cast: Ensorcelled Hiber |     2 |     4 ||     6
    Use: Potion            |     1 |     3 ||     4
   Stab: Sleeping          |    14 |     3 ||    17
         Distracted        |     1 |       ||     1
         Paralysed         |       |     2 ||     2
 Armour: Robe              |    58 |    13 ||    71
  Dodge: Dodged            |    69 |    14 ||    83
  Block: Other             |    16 |       ||    16

Levels and vault maps discovered:
D:1:      scummos_arrival_hexagon, layout_loops_ring
D:2:      layout_rooms, serial_bayou, serial_bayou_crossing,
          serial_bayou_ford_a, serial_bayou_pond_a, serial_bayou_pond_e,
          hangedman_abyss_or_decor_stabs, hex_intersection, dk_noncrumbling_2
D:3:      layout_loops_cross, nzn_wu_jian_contemplation,
          mainiacjoe_overflow_paths

Notes
Turn   | Place    | Note
-------+----------+-------------------------------------------
     0 | D:1      | kae the Demonspawn Enchanter began the quest for the Orb.
     0 | D:1      | Reached XP level 1. HP: 13/13 MP: 3/3
     0 | D:1      | magus.rc [v1.11.3]
    17 | D:1      | You pick up a book of Spatial Translocations and begin
                  | reading...
    17 | D:1      | You add the spells Blink, Momentum Strike and Lesser
                  | Beckoning to your library.
    79 | D:1      | Reached skill level 1 in Short Blades
   139 | D:1      | Gained mutation: A meltable shield of frost defends you.
                  | (SH +4) [demonic ancestry]
   139 | D:1      | Reached XP level 2. HP: 13/20 MP: 5/5
   319 | D:1      | Reached skill level 3 in Stealth
   529 | D:1      | Learned a level 2 spell: Ensorcelled Hibernation
   922 | D:2      | Gained mutation: Spells you cast may paralyse adjacent
                  | enemies. [demonic ancestry]
   922 | D:2      | Reached XP level 3. HP: 17/25 MP: 3/6
  1105 | D:2      | Identified the +1 ring mail of Noon {Slay+3}
  1493 | D:3      | Reached skill level 1 in Fighting
  1592 | D:2      | HP: 5/26 [orc wizard/puff of flame (10)]
  1597 | D:2      | HP: 1/26 [orc wizard/+0 dagger (3)]
  1722 | D:3      | Reached XP level 4. HP: 32/32 MP: 5/7
  1892 | D:3      | Found a broken altar of Ashenzari.
  1934 | D:3      | HP: 7/32 [orc priest/+0 whip (5)]
  1939 | D:3      | Killed from afar by an orc priest

Vanquished Creatures
  An orc wizard (D:2)
  2 worms (D:3)
  2 dart slugs (D:1)
  5 orcs (D:3)
  A bat (D:1)
  3 endoplasms
  2 giant cockroaches
  4 goblins (D:1)
  2 hobgoblins
  3 jackals (D:2)
  3 quokkas
  4 ball pythons
  4 frilled lizards (D:1)
  A kobold (D:2)
  2 rats
39 creatures vanquished.

Table legend:
 A = Non-vault XP
 B = Vault XP
 C = Vault XP percentage of total XP
 D = Non-vault monster count
 E = Vault monster count
 F = Vault count percentage of total count
                 A         B        C        D         E       F
            +---------+---------+-------+---------+---------+-------
      Total |     118 |       0 |   0.0 |      39 |       0 |   0.0
            +---------+---------+-------+---------+---------+-------
        D:1 |      33 |       0 |   0.0 |      17 |       0 |   0.0
        D:2 |      53 |       0 |   0.0 |      11 |       0 |   0.0
        D:3 |      32 |       0 |   0.0 |      11 |       0 |   0.0
            +---------+---------+-------+---------+---------+-------

Skill      XL: |  1  2  3 |
---------------+----------+-----
Short Blades   | 1 |  1.7
Stealth        | 3 |  3.3
Fighting       | 1 |  1.3
Armour         | |  0.3
Dodging        | |  1.7
Spellcasting   | |  2.3
Hexes          | |  3.3
Ice Magic      | |  0.8

Action                     |  1- 3 |  4- 6 || total
---------------------------+-------+-------++-------
  Melee: Dagger            |   111 |    29 ||   140
   Cast: Ensorcelled Hiber |     2 |     4 ||     6
    Use: Potion            |     1 |     3 ||     4
   Stab: Sleeping          |    14 |     3 ||    17
         Distracted        |     1 |       ||     1
         Paralysed         |       |     2 ||     2
 Armour: Robe              |    58 |    13 ||    71
  Dodge: Dodged            |    69 |    14 ||    83
  Block: Other             |    16 |       ||    16

Illustrated notes

Table legend:
 A = Kills in this place as a percentage of kills in the entire game.
 B = Kills by you in this place as a percentage of kills by you in the entire game.
 C = Kills by friends in this place as a percentage of kills by friends in the entire game.
 D = Other kills in this place as a percentage of other kills in the entire game.
 E = Experience gained in this place as a percentage of experience gained in the entire game.
 F = Experience gained in this place divided by the number of levels of this place that you have seen.
                   A       B       C       D       E      F
               +-------+-------+-------+-------+-------+----------------------
         Total | 100.0 | 100.0 |   N/A |   N/A | 100.0 |  39.3
       Dungeon | 100.0 | 100.0 |   N/A |   N/A | 100.0 |  39.3
               +-------+-------+-------+-------+-------+----------------------

Table legend: (Time is in decaauts)
 A = Elapsed time spent in this place.
 B = Non-inter-level travel time spent in this place.
 C = Inter-level travel time spent in this place.
 D = Time resting spent in this place.
 E = Time spent auto-exploring this place.
 F = Levels seen in this place.
 G = Mean time per level.
                   A        B        C        D        E       F      G
               +--------+--------+--------+--------+--------+-----+--------+
         Total |   1942 |   1896 |     46 |    153 |   1386 |   3 |  647.3 |
       Dungeon |   1942 |   1896 |     46 |    153 |   1386 |   3 |  647.3 |
               +--------+--------+--------+--------+--------+-----+--------+

Top non-repeatable levels by time:
     D:2: 907 daAuts
     D:1: 779 daAuts
     D:3: 256 daAuts
